 Dungeon Crawl Stone Soup version 0.30.0 (webtiles) character file.

Game seed: 6399015420619446814

111 samcosmo the Grasshopper (level 4, 0/38 HPs)
             Began as a Draconian Warper on July 20, 2023.
             Slain by an adder (2 damage)
             ... on level 3 of the Dungeon.
             The game lasted 00:04:17 (1924 turns).

samcosmo the Grasshopper (Draconian Warper)         Turns: 1924, Time: 00:04:18

Health: 0/38       AC:  5    Str: 15    XL:     4   Next: 62%
Magic:  7/7        EV: 12    Int: 14    God:
Gold:   116        SH:  0    Dex: 10    Spells: 2/7 levels left

rFire   . . .        d - +0 flail
rCold   . . .        (no shield)
rNeg    + . .        (body armour unavailable)
rPois   .            (helmet restricted)
rElec   .            (no cloak)
rCorr   .            (no gloves)
SInv    .            (no boots)
Will    +....        (no amulet)
Stlth   +            e - ring of willpower
HPRegen 0.26/turn    h - ring of positive energy
MPRegen 0.10/turn

%: no passive effects
@: no status effects
A: AC +5, unfitting armour, cold-blooded
a: no special abilities


You were on level 3 of the Dungeon.
You visited 1 branch of the dungeon, and saw 3 of its levels.

You collected 116 gold pieces.

Inventory:

Hand Weapons
 a - a +0 mace
 d - a +0 flail (weapon)
Missiles
 c - 7 boomerangs of dispersal (quivered)
Jewellery
 e - a ring of willpower (left hand)
 h - a ring of positive energy (right hand)
 p - a ring of magical power
Scrolls
 b - 3 scrolls of blinking
 f - 2 scrolls of identify {unknown}
 g - a scroll of immolation {unknown}
 i - a scroll of brand weapon {unknown}
 k - a scroll of magic mapping {unknown}
 m - 2 scrolls of noise {unknown}
 r - 3 scrolls of acquirement {unknown}
 s - a scroll of amnesia {unknown}
Potions
 j - 2 potions of heal wounds {unknown}
 l - a potion of invisibility {unknown}
 n - a potion of degeneration {unknown}
 o - a potion of haste {unknown}
 q - a potion of curing {unknown}
 t - a potion of brilliance {unknown}


   Skills:
 * Level 3.5 Fighting
 + Level 3.4 Maces & Flails
 - Level 0.8 Throwing
 - Level 2.1 Dodging
 - Level 2.0 Spellcasting
 + Level 3.7 Translocations


You had 2 spell levels left.
You knew the following spells:

 Your Spells              Type           Power      Damage    Failure   Level
a - Blink                 Tloc           22%        N/A       8%          2
b - Vhi's Electric Charg  Tloc/Air       12%        N/A       32%         3

Your spell library contained the following spells:

 Spells                   Type           Power      Damage    Failure   Level
 Lesser Beckoning         Tloc           22%        N/A       8%          2
 Teleport Other           Tloc           11%        N/A       16%         3
 Manifold Assault         Tloc           11%        N/A       45%         4
 Arcjolt                  Conj/Air       0%         1d10      100%        5
 Maxwell's Capacitive Co  Air            0%         ∞         100%        8


Dungeon Overview and Level Annotations

Branches:
Dungeon (3/15)

Altars:

Shops:
D:2 (


Innate Abilities, Weirdness & Mutations

Your plain brown scales are hard. (AC +5)
You cannot fit into any form of body armour.
You are cold-blooded and may be slowed by cold attacks.


Message History

You hear some strange, mumbled words.
A puff of flame appears from out of thin air!
The puff of flame misses you.
You miss something.
You hear some strange, mumbled words.
A magic dart appears from out of thin air!
The magic dart hits you.
* * * LOW HITPOINT WARNING * * *
You miss something.
An orc wizard appears from thin air!
Reactivating autopickup.
The orc wizard hits you with a +0 dagger.
* * * LOW HITPOINT WARNING * * *
You hit the orc wizard.
You kill the orc wizard!
The quokka bites you.
* * * LOW HITPOINT WARNING * * *
You hit the quokka. You tail-slap the quokka.
You kill the quokka!
You hit the orc but do no damage. The orc hits you with a +0 war axe.
* * * LOW HITPOINT WARNING * * *
You sock the orc!
You kill the orc!
You start resting.
An adder comes into view.
The adder hisses angrily.
The adder attacks as you move away! The adder closely misses you.
The adder bites you.
* * * LOW HITPOINT WARNING * * *
You hit the adder.
The adder is heavily wounded.
The adder barely misses you.
You closely miss the adder.
Your tail-slap misses the adder.
The adder is heavily wounded.
The adder bites you.
* * * LOW HITPOINT WARNING * * *
The adder barely misses you.
You miss the adder.
The adder is heavily wounded.
The adder bites you but does no damage. The adder bites you.
You die...

## .###################
................@S.#
.#################.########
## #..........# #
#.#......... # #.########.#
## #.# .#### #.# ....# #.#
.##.# #)#


You could see an adder.

Vanquished Creatures
  An orc wizard (D:3)
  A gnoll (D:1)
  An adder zombie (D:2)
  A dart slug (D:1)
  2 orcs (D:3)
  2 ball pythons (D:1)
  3 bats
  A bat skeleton (D:2)
  A bat zombie (D:2)
  8 endoplasms
  3 giant cockroaches
  6 goblins
  12 jackals
  5 kobolds
  2 quokkas
  4 frilled lizards
  2 quokka zombies (D:2)
  8 rats
63 creatures vanquished.

Notes
Turn   | Place    | Note
-------+----------+-------------------------------------------
     0 | D:1      | samcosmo the Draconian Warper began the quest for the Orb.
     0 | D:1      | Reached XP level 1. HP: 17/17 MP: 3/3
    27 | D:1      | Reached XP level 2. HP: 16/25 MP: 5/5
   458 | D:1      | Reached XP level 3. HP: 30/30 MP: 6/6
   577 | D:1      | Learned a level 2 spell: Blink
   581 | D:1      | Learned a level 3 spell: Vhi's Electric Charge
  1229 | D:2      | Found Tigob's Antique Weapon Boutique.
  1397 | D:2      | Reached XP level 4. HP: 34/38 MP: 7/7
  1687 | D:3      | Found a faded altar of an unknown god.
  1924 | D:3      | Slain by an adder

Illustrated notes

Levels and vault maps discovered:
D:1:      mrwooster_arrival_statue, layout_basic
D:2:      layout_loops_ring, serial_shops, shop, serial_undead, serial_undead_b,
          serial_undead_f, serial_undead_e, serial_undead_d
D:3:      layout_loops_ring, nicolae_hepliaklqana_hippocampus,
          chequers_ecumenical_altar_grove

Skill      XL: |  1  2  3 |
---------------+----------+-----
Maces & Flails | 3 |  3.4
Fighting       | 3 |  3.5
Throwing       | |  0.8
Dodging        | |  2.1
Spellcasting   | |  2.0
Translocations | |  3.7

Action                     |  1- 3 |  4- 6 || total
---------------------------+-------+-------++-------
  Melee: Mace              |     7 |       ||     7
         Tailslap          |    16 |     9 ||    25
         Flail             |   162 |    68 ||   230
   Stab: Sleeping          |     2 |       ||     2
 Armour: Skin              |    68 |    25 ||    93
  Dodge: Dodged            |   127 |    40 ||   167
